 Dungeon Crawl Stone Soup version 0.23-a0-49-gd9f7a49668 (webtiles) character file.

112 LLavrengius the Insei (level 4, -7/30 HPs)
             Began as an Octopode Transmuter on Aug 7, 2018.
             Killed by divine providence
             ... invoked by an orc priest
              (10 damage)
             ... on level 3 of the Dungeon.
             The game lasted 00:07:02 (2342 turns).

LLavrengius the Insei (Octopode Transmuter)         Turns: 2342, Time: 00:07:03

Health: -7/30      AC:  1    Str:  9    XL:     4   Next: 95%
Magic:  7/7        EV: 13    Int: 16    God:
Gold:   84         SH:  0    Dex: 12    Spells: 1/7 levels left

rFire    . . .     SeeInvis .     - Unarmed
rCold    . . .     Gourm    .   (no shield)
rNeg     . . .     Faith    .   (helmet restricted)
rPois    .         Spirit   .   (no amulet)
rElec    .         Reflect  .   (no ring)
rCorr    .         Harm     .   (no ring)
MR       .....                  (no ring)
Stlth    +++.......             (no ring)
HPRegen  0.10/turn              (no ring)
MPRegen  0.10/turn              (no ring)
                                (no ring)
                                (no ring)

@: appendage (expiring)
A: almost no armour, stealthy swim, amphibious, 8 rings, constrict 8, tentacle
spike 3, camouflage 1, gelatinous body 1
a: End Transformation


You were on level 3 of the Dungeon.
You were not hungry.
One of your tentacles had a temporary spike.
You visited 1 branch of the dungeon, and saw 3 of its levels.

You collected 84 gold pieces.

Inventory:

Missiles
 a - 9 arrows
 b - 7 javelins (quivered)
 d - 87 stones
 h - 20 sling bullets
 i - a throwing net
Scrolls
 e - 4 scrolls of remove curse {unknown}
 m - 2 scrolls of identify {unknown}
 p - 3 scrolls of magic mapping {unknown}
Potions
 g - a potion of heal wounds {unknown}
 j - a potion of might {unknown}
 k - 2 potions of flight {unknown}
 l - 2 potions of curing {unknown}
 n - 3 potions of magic {unknown}
 o - a potion of agility {unknown}
Comestibles
 c - 3 rations
 f - 2 chunks of flesh


   Skills:
 + Level 2.6 Fighting
 - Level 2.0 Dodging
 + Level 3.9 Unarmed Combat
 - Level 2.0 Spellcasting
 - Level 3.0 Transmutations
 + Level 1.4 Poison Magic


You had one spell level left.
You knew the following spells:

 Your Spells              Type           Power        Failure   Level  Hunger
a - Beastly Appendage     Tmut           ##....       6%          1    #......
b - Sticks to Snakes      Tmut           ##......     9%          2    ###....
c - Spider Form           Tmut/Pois      #.........   26%         3    ###....

Your spell library contained the following spells:

 Spells                   Type           Power        Failure   Level  Hunger
 Blade Hands              Tmut           ##........   86%         5    ######.
 Ice Form                 Ice/Tmut       #.......     73%         4    #####..


Dungeon Overview and Level Annotations

Branches:
Dungeon (3/15)

Altars:


Innate Abilities, Weirdness & Mutations

You cannot wear most types of armour.
You are very stealthy in the water. (Stealth+)
You are amphibious.
You can wear up to eight rings at the same time.
You can use your tentacles to constrict eight enemies at once.
Your skin changes colour to match your surroundings (Stealth+).
Your rubbery body absorbs attacks. (AC +1, EV +1)
One of your tentacles bears a large vicious spike.


Message History

You pierce the orc priest.
You squeeze the orc priest, but do no damage.
The orc priest is moderately wounded.
You constrict the orc priest.
The orc priest hits you with a falchion.
* * * LOW HITPOINT WARNING * * *
The orc closely misses you.
You tentacle-slap the orc priest.
You pierce the orc priest.
The orc priest is severely wounded.
You constrict the orc priest. The orc priest closely misses you.
The orc hits you.
* * * LOW HITPOINT WARNING * * *
Unknown command.
You tentacle-slap the orc priest.
You pierce the orc priest, but do no damage.
The orc priest is almost dead.
You constrict the orc priest, but do no damage.
The orc priest mumbles some strange prayers to Beogh against you.
Beogh smites you!
You die...

#### ##. #...
#..####..###############
.."....................#
..(....................#
≈≈≈...≈.≈≈.≈≈≈.≈.≈.≈..≈#
≈≈≈≈≈≈≈≈≈≈≈≈≈≈≈≈≈≈≈≈≈≈≈#
≈≈≈≈≈≈≈o≈≈≈≈≈≈≈oo≈≈≈≈≈≈#
≈≈≈≈≈≈≈≈≈≈≈#####@≈≈≈≈≈≈#
############ #≈≈≈≈≈≈≈#
#≈≈≈≈≈≈≈# #≈≈≈≈≈≈≈#
##≈≈≈≈≈≈≈# #†≈≈≈≈≈≈##
#≈≈≈≈≈≈≈# #≈≈≈≈≈≈≈#
##≈≈≈≈≈≈#


You could see an orc priest and an orc.

Vanquished Creatures
  Robin (D:2)
  An adder (D:2)
  3 oozes
  2 dart slugs (D:1)
  A leopard gecko (D:1)
  An orc (D:3)
  2 ball pythons
  5 bats
  10 giant cockroaches
  10 goblins
  12 hobgoblins
  4 jackals (D:2)
  A quokka (D:2)
  4 frilled lizards
  4 kobolds
  3 rats
64 creatures vanquished.

Vanquished Creatures (collateral kills)
  A hobgoblin (D:2)
1 creature vanquished.

Grand Total: 65 creatures vanquished

Notes
Turn   | Place    | Note
-------+----------+-------------------------------------------
     0 | D:1      | LLavrengius the Octopode Transmuter began the quest for the Orb.
     0 | D:1      | Reached XP level 1. HP: 13/13 MP: 3/3
    21 | D:1      | Reached XP level 2. HP: 5/18 MP: 3/5
   683 | D:1      | Reached XP level 3. HP: 21/24 MP: 6/6
  1532 | D:2      | Reached XP level 4. HP: 26/29 MP: 4/7
  1536 | D:2      | Learned a level 2 spell: Sticks to Snakes
  1540 | D:2      | Learned a level 3 spell: Spider Form
  1576 | D:2      | Noticed Robin
  1608 | D:2      | Killed Robin
  1757 | D:2      | Reached skill level 1 in Poison Magic
  2342 | D:3      | Killed from afar by an orc priest

Vault maps used:
D:1:      scummos_arrival_star, minivault_25, minivault_26
D:2:      minmay_roachtagon, first_ration, nrook_uturn,
          kennysheep_big_empty_room, minmay_misc_feat_diagonals, uniq_robin
D:3:      minmay_goblin_kobold_castle

Skill      XL: |  1  2  3  4 |
---------------+-------------+-----
Fighting       | 2 |  2.6
Transmutations | 3 |  3.0
Poison Magic   | 1 |  1.4
Dodging        | |  2.0
Unarmed Combat | |  3.9
Spellcasting   | |  2.0

Action                   |  1- 3 |  4- 6 || total
-------------------------+-------+-------++-------
Melee: Unarmed           |    89 |    73 ||   162
       Constrict         |    20 |    24 ||    44
       Kick              |     4 |    10 ||    14
       Tentacles         |    10 |    14 ||    24
       Punch             |     1 |       ||     1
 Cast: Beastly Appendage |     3 |     3 ||     6
       Sticks to Snakes  |       |     3 ||     3
 Stab: Sleeping          |     9 |       ||     9
  Eat: Chunk             |     2 |     3 ||     5
Armor: Skin              |    12 |     6 ||    18
Dodge: Dodged            |    72 |    46 ||   118

Table legend:
 A = Spawn XP
 B = Non-spawn XP
 C = Spawn XP percentage of total XP
 D = Spawn monster count
 E = Non-spawn monster count
 F = Spawn count percentage of total count
 G = Total turns spent on level
                    A         B        C        D         E        F      G
               +---------+---------+-------+---------+---------+-------+---------
         Total |       0 |     161 |   0.0 |       0 |      65 |   0.0 |  2342
               +---------+---------+-------+---------+---------+-------+---------
           D:1 |       0 |      54 |   0.0 |       0 |      23 |   0.0 |  1274
           D:2 |       0 |     100 |   0.0 |       0 |      39 |   0.0 |   894
           D:3 |       0 |       7 |   0.0 |       0 |       3 |   0.0 |   174
               +---------+---------+-------+---------+---------+-------+---------
